Map: [EWC] Crimson Court

Players

HeroMarine

  • Race: Terran Terran
  • Spawn Location: 1:00

Reynor - Winner!

  • Race: Zerg Zerg
  • Spawn Location: 7:00

Event: Esports World Cup 2024

VOD

Have the link to the VOD?

Description

Time

  • Played on: Aug. 17, 2024, 6:59 a.m.
  • Length: 8:34

All games in this series

Show
View Real Time Build Order
Export as new Build Order

HeroMarine Terran 

Build Orders: Reaper Expand, Hellion Banshee, Mech 

Get SALT Encoding   

  12  0:00  SCV  
  13  0:12  SCV  
  14  0:17  Supply Depot  
  14  0:24  SCV  
  15  0:38  SCV  
  15  0:41  Barracks  
  16  0:42  Refinery  
  16  0:50  SCV  
  17  1:02  SCV  
  18  1:15  SCV  
  19  1:28  Orbital Command, Reaper  
  20  1:39  Command Center  
  20  1:47  Supply Depot  
  20  1:53  SCV  
  21  1:59  Marine  
  22  2:05  SCV  
  23  2:10  Factory  
  23  2:17  SCV  
  23  2:20  Barracks Reactor  
  25  2:30  SCV  
  25  2:36  Command Center  
  25  2:42  SCV  
  26  2:51  Orbital Command  
  26  2:54  SCV  
  31  3:05  Hellion  
  31  3:06  SCV, Hellion  
  31  3:08  Starport  
  31  3:11  Refinery  
  32  3:17  SCV  
  32  3:18  SCV  
  34  3:25  Barracks Tech Lab  
  38  3:27  Hellion x2  
  38  3:29  SCV  
  38  3:30  SCV  
  40  3:42  SCV x2  
  46  3:48  Orbital Command, Hellion x2  
  46  3:53  Banshee  
  46  3:54  SCV  
  50  3:55  SCV  
  50  3:59  Cloaking Field  
  51  4:07  Supply Depot, Marine, Refinery  
  51  4:08  SCV x2  
  54  4:12  Hellion  
  54  4:16  Hellion  
  58  4:17  SCV  
  58  4:21  SCV x2  
  61  4:30  Supply Depot  
  62  4:34  Hellion  
  62  4:37  Banshee  
  69  4:42  Hellion  
  69  4:44  SCV  
  69  4:46  Supply Depot  
  69  4:51  SCV, Refinery  
  69  4:52  SCV  
  71  4:53  Barracks Tech Lab  
  71  4:54  Factory  
  71  4:56  SCV  
  71  4:57  Factory  
  74  5:00  Supply Depot  
  74  5:02  Cyclone  
  74  5:04  Cyclone  
  76  5:07  SCV  
  76  5:08  SCV x2  
  76  5:12  Supply Depot  
  79  5:15  Marauder  
  79  5:20  SCV x2  
  82  5:21  SCV  
  82  5:22  Banshee  
  82  5:32  SCV  
  82  5:33  SCV x2  
  82  5:34  Cyclone  
  84  5:36  Cyclone  
  84  5:39  Marauder  
  88  5:51  Supply Depot, SCV x3  
  88  5:52  Supply Depot x2  
  89  5:57  Cyclone x2  
  89  6:02  Marauder  
  89  6:03  Hyperflight Rotors, SCV  
  83  6:04  SCV  
  83  6:09  SCV  
  62  6:25  Banshee  
  63  6:26  SCV  
  63  6:28  SCV  
  63  6:30  SCV  
  66  6:37  Factory Reactor  
  66  6:38  SCV  
  67  6:40  SCV  
  67  6:42  SCV  
  67  6:45  Hurricane Engines  
  69  6:50  SCV  
  69  6:52  SCV  
  69  6:57  Cyclone x2  
  75  7:02  SCV x2  
  75  7:04  SCV  
  75  7:08  Orbital Command, Siege Tank  
  79  7:09  Supply Depot, Banshee  
  79  7:15  SCV  
  83  7:16  SCV, Cyclone x2  
  88  7:27  SCV  
  88  7:28  Factory  
  88  7:29  SCV  
  90  7:32  Supply Depot  
  91  7:37  SCV  
  91  7:39  SCV, Factory  
  91  7:40  Siege Tank  
  91  7:41  SCV  
  96  7:45  Refinery  
  96  7:46  Refinery  
  96  7:49  SCV  
  96  7:51  SCV  
  98  7:53  SCV  
  98  7:55  Factory Tech Lab  
  98  7:56  Supply Depot  
  100  8:01  SCV  
  89  8:05  SCV x2  
  76  8:15  SCV  
  76  8:17  SCV x2  
Show
View Real Time Build Order
Export as new Build Order

Reynor Zerg - Winner!

Build Orders: Hatch First 

Get SALT Encoding   

  12  0:00  Drone  
  13  0:08  Drone  
  14  0:16  Drone, Extractor  
  15  0:36  Hatchery  
  15  0:41  Drone, Extractor  
  15  0:47  Overlord  
  15  1:02  Spawning Pool  
  14  1:06  Drone  
  14  1:09  Drone  
  16  1:13  Drone  
  16  1:17  Drone  
  18  1:26  Extractor  
  18  1:28  Drone  
  18  1:39  Drone  
  19  1:49  Drone, Queen x2  
  19  1:51  Drone  
  25  2:00  Drone  
  27  2:01  Drone  
  27  2:13  Overlord  
  27  2:15  Drone  
  28  2:24  Spore Crawler  
  28  2:28  Drone x2  
  29  2:32  Queen  
  31  2:39  Drone  
  31  2:40  Hatchery  
  31  2:43  Drone  
  32  2:45  Overlord  
  32  2:48  Drone  
  33  2:55  Queen  
  33  2:57  Drone  
  36  3:04  Drone x3  
  39  3:06  Drone  
  40  3:13  Roach Warren  
  40  3:14  Drone  
  40  3:18  Overlord  
  40  3:20  Drone  
  40  3:23  Drone  
  40  3:25  Drone  
  43  3:36  Queen  
  43  3:39  Overlord  
  45  3:41  Drone x2  
  45  3:42  Drone x3  
  50  3:51  Drone  
  51  3:55  Roach  
  51  3:56  Roach x2  
  51  3:57  Overlord  
  51  4:01  Unknown  
  51  4:02  Roach  
  58  4:07  Queen  
  58  4:08  Lair  
  60  4:11  Drone  
  60  4:12  Drone x2  
  60  4:16  Overlord  
  63  4:20  Roach  
  63  4:24  Drone x3  
  68  4:26  Queen  
  68  4:28  Roach  
  68  4:30  Overlord  
  72  4:34  Roach  
  72  4:37  Roach  
  76  4:40  Overlord  
  76  4:42  Roach x2  
  80  4:46  Roach  
  80  4:49  Overlord  
  80  4:51  Drone  
  80  4:52  Spore Crawler  
  82  4:53  Drone  
  82  4:54  Spore Crawler  
  82  4:59  Overlord  
  82  5:01  Roach  
  82  5:02  Roach  
  82  5:03  Drone x2  
  82  5:06  Spore Crawler, Drone  
  88  5:11  Overseer  
  88  5:15  Overlord  
  88  5:19  Drone  
  88  5:20  Drone  
  90  5:22  Roach x4  
  96  5:29  Overlord, Ravager x2  
  96  5:31  Drone x4  
  96  5:33  Overlord  
  102  5:37  Ravager  
  102  5:38  Drone x2  
  102  5:41  Overlord  
  105  5:45  Drone x2, Ravager  
  105  5:48  Overlord  
  105  5:49  Ravager  
  106  5:56  Drone  
  106  5:57  Drone x3  
  102  6:06  Hatchery, Roach x2  
  102  6:07  Roach x4  
  102  6:10  Roach  
  104  6:15  Extractor  
  104  6:18  Overlord  
  88  6:19  Queen x2  
  88  6:21  Glial Reconstitution  
  88  6:24  Drone  
  88  6:25  Queen  
  93  6:26  Extractor  
  93  6:29  Roach x2  
  93  6:30  Roach  
  98  6:33  Roach  
  98  6:36  Drone  
  101  6:41  Overlord  
  101  6:43  Metabolic Boost  
  101  6:44  Drone  
  101  6:45  Drone x3  
  101  6:46  Roach  
  101  6:47  Extractor  
  104  6:55  Queen  
  104  6:56  Overseer  
  104  6:57  Queen  
  104  7:01  Roach x3  
  104  7:02  Roach x2  
  104  7:04  Queen  
  104  7:05  Drone x2  
  104  7:08  Roach x3  
  124  7:10  Overlord  
  124  7:13  Roach  
  126  7:17  Zergling x2, Roach x2  
  126  7:20  Pneumatized Carapace  
  126  7:22  Roach  
  133  7:23  Zergling x2  
  133  7:25  Ravager  
  133  7:26  Zergling x2, Roach  
  138  7:31  Ravager  
  138  7:34  Roach x2  
  138  7:35  Queen, Zergling x4  
  147  7:39  Ravager  
  147  7:40  Zergling x6, Roach  
  147  7:43  Zergling x2  
  147  7:44  Zergling x4  
  156  7:48  Ravager  
  157  7:52  Zergling x6, Roach x3  
  157  7:55  Overlord  
  162  8:03  Roach x4  
  157  8:07  Roach  
  157  8:08  Zergling x2, Roach  
Tags
 
Add a new tag
Caveats
  • Supply blocks, unpowered buildings, or Contaminate may cause inaccurate times.
  • Supply counts are checked every 10 seconds.